 Dungeon Crawl Stone Soup version 0.23.0 (webtiles) character file.

Game seed: 11616610609356322420

1742 Nygeryga the Grappler (level 8, -4/76 HPs)
             Began as a Troll Monk on Feb 10, 2019.
             Was a Believer of Makhleb.
             Killed from afar by an electric eel (12 damage)
             ... with a bolt of electricity
             ... on level 7 of the Dungeon.
             The game lasted 00:10:40 (4985 turns).

Nygeryga the Grappler (Troll Monk)                  Turns: 4985, Time: 00:10:41

Health: -4/76      AC:  6    Str: 22    XL:     8   Next: 77%
Magic:  7/7        EV: 10    Int:  6    God:    Makhleb [**....]
Gold:   423        SH:  0    Dex: 14    Spells: 7/7 levels left

rFire    . . .     SeeInvis .     - Unarmed
rCold    . . .     Gourm    +   (no shield)
rNeg     . . .     Faith    .   a - +0 robe
rPois    .         Spirit   .   (helmet restricted)
rElec    .         Reflect  .   (no cloak)
rCorr    .         Harm     .   (gloves unavailable)
MR       .....                  (boots unavailable)
Stlth    ++........             (no amulet)
HPRegen  0.62/turn              f - ring of flight
MPRegen  0.10/turn              n - +2 ring of dexterity

@: no status effects
A: large, unfitting armour, claws 3, fast metabolism 3, gourmand, regeneration
1, shaggy fur 1, tough skin 3
a: Minor Destruction, Renounce Religion, Evoke Flight


You were on level 7 of the Dungeon.
You worshipped Makhleb.
Makhleb was pleased with you.
You were full.

You visited 2 branches of the dungeon, and saw 8 of its levels.

You collected 423 gold pieces.

Inventory:

Armour
 a - a +0 robe (worn)
Jewellery
 f - a ring of flight (left claw)
 n - a +2 ring of dexterity (right claw)
Scrolls
 g - 7 scrolls of remove curse
 h - a scroll of amnesia
 k - a scroll of blinking
Potions
 c - a potion of degeneration
 d - a potion of resistance
 e - 3 potions of mutation
 i - a potion of brilliance
 j - 2 potions of curing {unknown}
 l - 2 potions of berserk rage {unknown}
 m - 3 potions of might {unknown}
 o - a potion of flight {unknown}
 p - 2 potions of heal wounds {unknown}
 q - a potion of magic {unknown}
Comestibles
 b - 16 rations


   Skills:
 + Level 3.6 Fighting
 - Level 2.4 Dodging
 - Level 1.0 Stealth
 * Level 11.1 Unarmed Combat


You had 7 spell levels left.
You didn't know any spells.
Your spell library contained the following spells:

 Spells                   Type           Power        Failure   Level  Hunger
 Confusing Touch          Hex            #.....       45%         1    ##.....
 Confuse                  Hex            #.......     83%         3    ####...
 Gell's Gravitas          Tloc           #.........   83%         3    ####...
 Petrify                  Tmut/Erth      #.......     99%         4    #####..
 Metabolic Englaciation   Hex/Ice        #.........   100%        5    ######.
 Yara's Violent Unravell  Hex/Tmut       #.........   100%        5    ######.


Dungeon Overview and Level Annotations

Branches:
Dungeon (7/15)             Temple (1/1) D:4

Altars:
Ashenzari
Dithmenos
Elyvilon
Fedhas
Gozag
Hepliaklqana
Makhleb
Okawaru
Qazlal
Ru
Sif Muna
Trog
Uskayaw
Vehumet
Wu Jian
Xom
Yredelemnul
Zin
The Shining One


Innate Abilities, Weirdness & Mutations

You are too large for most types of armour.
You have claws for hands.
Your metabolism is lightning-fast.
You like to eat raw meat.
Your natural rate of healing is unusually fast.
You are covered in fur. (AC +1)
You have extremely tough skin. (AC +3)


Message History

The electric eel shoots out a bolt of lightning at you!
The bolt of electricity hits you.
You are too injured to fight recklessly!
You are too injured to fight recklessly!
You are too injured to fight recklessly!
The electric eel shoots out a bolt of lightning at you!
The bolt of electricity hits the electric eel.
The electric eel completely resists.
The bolt of electricity misses you.
The electric eel shoots out a bolt of lightning at you!
The bolt of electricity hits the electric eel.
The electric eel completely resists.
The bolt of electricity hits you!
* * * LOW HITPOINT WARNING * * *
The electric eel shoots out a bolt of lightning at you!
The bolt of electricity hits you!
* * * LOW HITPOINT WARNING * * *
The bolt of electricity hits you!
* * * LOW HITPOINT WARNING * * *
The electric eel shoots out a bolt of lightning at you!
The bolt of electricity hits you!
You die...

#.#######≈#,,..P.≈≈#.######.##
#.# #≈#,,..≈≈!;#.# #..#
###'#######.#+,.≈P);≈#)# ##.#
#........##..#,.P≈?≈##≈## #..
#........###.##########≈## ##.
##........# #≈≈##....(≈##≈# #.
.'........# ##≈#....P%;≈#.# #.
##........# #≈#....P.=≈#.# #)
....##....# #.#@..P.=;≈#.# #.
....##....# #..#..;≈≈≈##'## #.
.....+....# ##.########...# ##
....##....# ### #..## #
.....#....# #.## ####.#....#
#.# #.#....# ###.#### #
#.#....# #......##### #
#.###'## ##########......##...


You could see 3 electric eels.

Vanquished Creatures
  A hippogriff (D:6)
  Menkaure (D:6)
  2 sky beasts (D:6)
  A phantom (D:6)
  3 ogres
  3 centaurs
  A bullfrog (D:7)
  A howler monkey (D:4)
  A crimson imp (D:6)
  A bullfrog zombie (D:6)
  A jelly (D:5)
  3 orc priests
  3 orc wizards
  3 worker ants
  2 worker ant zombies
  9 adders
  A shadow imp (D:5)
  3 oozes
  2 worms (D:2)
  3 dart slugs
  A leopard gecko (D:6)
  20 orcs
  8 bats
  7 giant cockroaches
  6 goblins
  7 hobgoblins
  6 jackals
  5 quokkas
  5 frilled lizards
  8 kobolds
  5 rats
123 creatures vanquished.

Notes
Turn   | Place    | Note
-------+----------+-------------------------------------------
     0 | D:1      | Nygeryga the Troll Monk began the quest for the Orb.
     0 | D:1      | Reached XP level 1. HP: 22/22 MP: 0/0
     2 | D:1      | Noticed a centaur
     2 | D:1      | Noticed a spriggan
     4 | D:1      | Noticed a halfling
     6 | D:1      | Noticed a felid
     6 | D:1      | Noticed a formicid
     8 | D:1      | Noticed an elf
    10 | D:1      | Noticed a gargoyle
    10 | D:1      | Noticed a troll
    12 | D:1      | Noticed an octopode
    12 | D:1      | Noticed a demigod
    14 | D:1      | Noticed a naga
    14 | D:1      | Noticed a ghoul
    16 | D:1      | Noticed a tengu
    18 | D:1      | Noticed an ogre
    18 | D:1      | Noticed a draconian
    20 | D:1      | Noticed a merfolk
    20 | D:1      | Noticed a demonspawn
    22 | D:1      | Noticed a dwarf
    22 | D:1      | Noticed a human
    24 | D:1      | Noticed a vine stalker
    24 | D:1      | Noticed a vampire
    26 | D:1      | Noticed a minotaur
   240 | D:1      | Reached XP level 2. HP: 29/29 MP: 1/1
   824 | D:2      | Reached skill level 4 in Unarmed Combat
   824 | D:2      | Reached XP level 3. HP: 36/36 MP: 2/2
  1155 | D:2      | Reached XP level 4. HP: 40/44 MP: 3/3
  1770 | D:3      | Reached skill level 5 in Unarmed Combat
  1881 | D:3      | Reached XP level 5. HP: 49/52 MP: 4/4
  2030 | D:3      | Noticed a centaur
  2043 | D:3      | Killed a centaur
  2043 | D:3      | Reached skill level 6 in Unarmed Combat
  2240 | D:3      | Found a bloodstained altar of Trog.
  2241 | D:3      | Found an opulent altar of Gozag.
  2241 | D:3      | Found a hide-covered altar of Uskayaw.
  2563 | D:4      | Found a staircase to the Ecumenical Temple.
  2577 | D:4      | Reached XP level 6. HP: 40/61 MP: 5/5
  2925 | D:4      | Reached skill level 7 in Unarmed Combat
  3230 | D:4      | Reached XP level 7. HP: 67/67 MP: 6/6
  3449 | Temple   | Entered the Ecumenical Temple
  3484 | Temple   | Became a worshipper of Makhleb the Destroyer
  3484 | Temple   | Reached * piety under Makhleb
  3484 | Temple   | Reached ** piety under Makhleb
  3527 | D:5      | Entered Level 5 of the Dungeon
  3646 | D:5      | Reached skill level 8 in Unarmed Combat
  3726 | D:5      | Found a white marble altar of Elyvilon.
  4013 | D:5      | Found a burning altar of Makhleb.
  4013 | D:5      | Noticed a cacodemon
  4087 | D:6      | Noticed a hippogriff
  4097 | D:6      | Killed a hippogriff
  4097 | D:6      | Reached skill level 9 in Unarmed Combat
  4143 | D:6      | Reached XP level 8. HP: 71/75 MP: 7/7
  4266 | D:6      | Noticed Menkaure
  4274 | D:6      | Killed Menkaure
  4274 | D:6      | Reached skill level 10 in Unarmed Combat
  4945 | D:7      | Reached skill level 11 in Unarmed Combat
  4985 | D:7      | Killed from afar by an electric eel

Skill      XL: |  1  2  3  4  5  6  7  8 |
---------------+-------------------------+-----
Unarmed Combat | 4 5 6 7 9 11 | 11.1
Fighting       | 3 |  3.6
Dodging        | |  2.4
Stealth        | |  1.0

Action                   |  1- 3 |  4- 6 |  7- 9 || total
-------------------------+-------+-------+-------++-------
Melee: Unarmed           |    92 |   141 |    98 ||   331
       Punch             |       |     2 |     9 ||    11
  Use: Scroll            |       |     7 |     4 ||    11
 Stab: Sleeping          |     2 |     3 |       ||     5
       Distracted        |       |       |     1 ||     1
  Eat: Chunk             |    13 |    18 |    16 ||    47
Armor: Robe              |    48 |    46 |    31 ||   125
Dodge: Dodged            |    56 |    66 |    33 ||   155
